 Dungeon Crawl Stone Soup version 0.28-a0-643-g84cb2ea78e (webtiles) character file.

Game seed: 15144124843559847292

128 rustyseabutter the Covered (level 4, -4/40 HPs)
             Began as a Minotaur Fighter on Oct 10, 2021.
             Killed by nerve-wracking pain
             ... invoked by Grinder
              (10 damage)
             ... on level 3 of the Dungeon.
             The game lasted 00:08:44 (2545 turns).

rustyseabutter the Covered (Minotaur Fighter)       Turns: 2545, Time: 00:08:45

Health: -4/40      AC:  7    Str: 20    XL:     4   Next: 86%
Magic:  3/3        EV: 10    Int:  5    God:
Gold:   125        SH:  4    Dex: 11    Spells: 3/3 levels left

rFire   . . .      SeeInvis .   a - +0 long sword
rCold   . . .      Faith    .   c - +0 buckler
rNeg    . . .      Spirit   .   b - +0 scale mail
rPois   .          Reflect  .   (helmet restricted)
rElec   .          Harm     .   (no cloak)
rCorr   .          Rampage  .   (no gloves)
Will    .....                   (no boots)
Stlth   ..........              (no amulet)
HPRegen 0.13/turn               (no ring)
MPRegen 0.08/turn               (no ring)

@: no status effects
A: horns 2, retaliatory headbutt
a: no special abilities


You were on level 3 of the Dungeon.
You visited 1 branch of the dungeon, and saw 3 of its levels.

You collected 149 gold pieces.
You spent 24 gold pieces at shops.

Inventory:

Hand Weapons
 a - a +0 long sword (weapon)
 j - a +0 morningstar
Missiles
 h - 26 arrows
 m - 10 sling bullets
 n - 23 bolts
Armour
 b - a +0 scale mail (worn)
 c - a +0 buckler (worn)
Scrolls
 e - a scroll of enchant armour {unknown}
 f - 4 scrolls of identify
 i - 2 scrolls of enchant weapon {unknown}
 k - a scroll of teleportation {unknown}
 l - a scroll of immolation {unknown}
Potions
 d - 2 potions of might
 g - 3 potions of heal wounds {unknown}


   Skills:
 + Level 4.0 Fighting
 + Level 4.1 Long Blades
 + Level 0.6 Maces & Flails
 + Level 4.4 Armour
 - Level 1.1 Dodging
 - Level 0.5 Stealth
 + Level 4.2 Shields


You had 3 spell levels left.
You didn't know any spells.
Your spell library contained the following spells:

 Spells                   Type           Power      Damage    Failure   Level
 Portal Projectile        Hex/Tloc       0%         N/A       99%         3
 Blade Hands              Tmut           0%         N/A       100%        5
 Excruciating Wounds      Necr           0%         N/A       100%        5


Dungeon Overview and Level Annotations

Branches:
Dungeon (3/15)

Altars:

Shops:
D:1 ?

Annotations:
D:3 Grinder


Innate Abilities, Weirdness & Mutations

You have a pair of horns on your head.
You reflexively headbutt those who attack you in melee.


Message History

Grinder is moderately wounded.
Grinder says, "At least Makhleb appreciates what I'm doing."
Grinder blinks!
Grinder gestures at you. Pain shoots through your body!
Grinder gestures at you. Pain shoots through your body!
You closely miss Grinder.
Grinder is moderately wounded.
Grinder gestures at you. You resist with significant effort.
You slash Grinder! Your headbutt misses Grinder.
Grinder is heavily wounded.
Grinder completely misses you.
You barely miss Grinder.
Grinder is heavily wounded.
Grinder closely misses you. You furiously retaliate!
You headbutt Grinder. Grinder hits you but does no damage.
You closely miss Grinder. You headbutt Grinder, but do no damage.
Grinder is heavily wounded.
Grinder hits you!
* * * LOW HITPOINT WARNING * * *
You writhe in agony.
* * * LOW HITPOINT WARNING * * *
You hit Grinder but do no damage. Your headbutt misses Grinder.
Grinder is heavily wounded.
Grinder barely misses you.
You closely miss Grinder.
Grinder is heavily wounded.
Grinder gestures at you. You resist with significant effort.
You slash Grinder! You headbutt Grinder.
Grinder is almost dead.
Grinder gestures at you. You resist with significant effort.
Your scale mail prevents you from hitting Grinder.
Grinder is almost dead.
Grinder gestures at you. Pain shoots through your body!
You die...

#+# #.# #.#
######.######
...#...#...
####.......#
.......5...#
#@# #.# #.#
#.# ### #.#
..# #># #.#
#.# #.# #.#
##.###### #.#


You could see Grinder.

Vanquished Creatures
  3 gnolls (D:2)
  2 adders (D:2)
  A worm (D:2)
  3 dart slugs
  10 endoplasms
  A giant cockroach (D:1)
  5 goblins
  6 hobgoblins
  4 jackals (D:2)
  4 quokkas
  7 ball pythons
  10 bats
  7 frilled lizards
  3 kobolds
  5 rats
71 creatures vanquished.

Notes
Turn   | Place    | Note
-------+----------+-------------------------------------------
     0 | D:1      | rustyseabutter the Minotaur Fighter began the quest for the
                  | Orb.
     0 | D:1      | Reached XP level 1. HP: 19/19 MP: 0/0
    49 | D:1      | Reached XP level 2. HP: 16/27 MP: 1/1
   173 | D:1      | Found Axus's Magic Scroll Emporium.
   209 | D:1      | Bought a scroll of identify for 24 gold pieces
   401 | D:1      | Found a faded altar of an unknown god.
   538 | D:1      | Reached XP level 3. HP: 32/33 MP: 2/2
  1347 | D:2      | Reached XP level 4. HP: 28/40 MP: 3/3
  1561 | D:2      | Reached skill level 1 in Dodging
  2074 | D:2      | HP: 1/40 [gnoll (7)]
  2522 | D:3      | Noticed Grinder
  2528 | D:3      | Paralysed by Grinder for 5 turns
  2545 | D:3      | Killed from afar by Grinder

Illustrated notes

Levels and vault maps discovered:
D:1:      dpeg_arrival_round_c, layout_rooms,
          hellmonk_ecumenical_altar_slurped_away, serial_shops, shop,
          minmay_misc_feat_diagonals, minmay_distorted
D:2:      minmay_general_purpose_star, layout_basic, minmay_tetromino_t2
D:3:      layout_loops_corners, kennysheep_generic_room_11, uniq_jessica,
          uniq_grinder

Skill      XL: |  1  2  3  4 |
---------------+-------------+-----
Armour         | 4 |  4.4
Long Blades    | 3 4 |  4.1
Shields        | 4 |  4.2
Fighting       | 4 |  4.0
Dodging        | 1 |  1.1
Maces & Flails | |  0.6
Stealth        | |  0.5

Action                   |  1- 3 |  4- 6 || total
-------------------------+-------+-------++-------
Melee: Long sword        |    73 |    14 ||    87
       Headbutt          |    11 |    16 ||    27
       Morningstar       |    42 |    46 ||    88
Armor: Scale mail        |    71 |    39 ||   110
Dodge: Dodged            |    66 |    34 ||   100
Block: Buckler           |    26 |    17 ||    43

Table legend: (Time is in decaauts)
 A = Elapsed time spent in this place.
 B = Non-inter-level travel time spent in this place.
 C = Inter-level travel time spent in this place.
 D = Time resting spent in this place.
 E = Time spent auto-exploring this place.
 F = Levels seen in this place.
 G = Mean time per level.
                   A        B        C        D        E       F      G
               +--------+--------+--------+--------+--------+-----+--------+
         Total |   2609 |   2384 |    225 |    779 |   1021 |   3 |  869.7 |
       Dungeon |   2609 |   2384 |    225 |    779 |   1021 |   3 |  869.7 |
               +--------+--------+--------+--------+--------+-----+--------+

Top non-repeatable levels by time:
     D:2: 1536 daAuts
     D:1: 896 daAuts
     D:3: 177 daAuts
